 Dungeon Crawl Stone Soup version 0.27-a0-887-gcab673c142 (webtiles) character file.

Game seed: 5179129361260823206

1520 jasper the Destroyer (level 8, -1/52 HPs)
             Began as a Mummy Conjurer on Apr 4, 2021.
             Was a Priest of Wu Jian.
             Slain by a wyvern zombie (9 damage)
             ... on level 6 of the Dungeon.
             The game lasted 00:09:11 (8087 turns).

jasper the Destroyer (Mummy Conjurer)               Turns: 8087, Time: 00:09:11

Health: -1/52      AC:  6    Str: 11    XL:     8   Next: 54%
Magic:  14/14      EV: 11    Int: 19    God:    Wu Jian [***...]
Gold:   252        SH:  4    Dex: 10    Spells: 4/15 levels left

rFire    x . .     SeeInvis .   o - staff of conjuration
rCold    + . .     Faith    .   i - +0 buckler
rNeg     + + +     Spirit   .   a - +0 robe
rPois    ∞         Reflect  .   p - +2 helmet
rElec    .         Harm     .   n - scarf {shadows}
rCorr    .         Rampage  .   q - +0 pair of gloves
Will     +....                  (no boots)
Stlth    ++........             (no amulet)
HPRegen  0.17/turn              j - ring of flight
MPRegen  0.14/turn              (no ring)

@: about to teleport, flying
A: cold resistance 1, negative energy resistance 3, torment resistance 2,
unbreathing 1, heat vulnerability 1, no potions
a: Renounce Religion, Wall Jump, Serpent's Lash


You were on level 6 of the Dungeon.
You worshipped Wu Jian.
Wu Jian was most pleased with you.
You visited 1 branch of the dungeon, and saw 6 of its levels.

You collected 252 gold pieces.

Inventory:

Hand Weapons
 c - a +0 club
 s - a +0 dagger of venom
Missiles
 b - 198 stones
 d - 114 bolts
 m - 2 throwing nets
Armour
 a - a +0 robe (worn)
 i - a +0 buckler (worn)
 n - a scarf of shadows (worn)
 p - a +2 helmet (worn)
 q - a +0 pair of gloves (worn)
Magical Staves
 o - a staff of conjuration (weapon)
Jewellery
 j - a ring of flight (left hand)
 t - a +6 ring of dexterity
Wands
 r - a wand of flame (16)
Scrolls
 e - 2 scrolls of teleportation
 f - a scroll of enchant weapon {unknown}
 g - 3 scrolls of magic mapping
 h - 3 scrolls of enchant armour
 k - a scroll of summoning


   Skills:
 - Level 1.5 Dodging
 - Level 1.5 Stealth
 * Level 3.1 Shields
 + Level 4.3 Spellcasting
 - Level 8.0 Conjurations
 + Level 2.2 Hexes
 + Level 2.1 Translocations


You had 4 spell levels left.
You knew the following spells:

 Your Spells              Type           Power      Damage    Failure   Level
a - Magic Dart            Conj           100%       1d8       1%          1
b - Searing Ray           Conj           100%       3d7       1%          2
c - Fulminant Prism       Conj/Hex       17%        3d11      19%         4
d - Iskenderun's Mystic   Conj/Tloc      34%        2d8       19%         4

Your spell library contained the following spells:

 Spells                   Type           Power      Damage    Failure   Level
 Dazzling Flash           Conj/Hex       70%        N/A       5%          3


Dungeon Overview and Level Annotations

Branches:
Dungeon (6/15)
 Temple: D:4-7

Altars:
Dithmenos
Hepliaklqana
Qazlal
Wu Jian
Xom


Innate Abilities, Weirdness & Mutations

You are immune to poison.
Your flesh is cold resistant. (rC+)
You are immune to negative energy. (rN+++)
You are immune to unholy pain and torment.
You can survive without breathing.
You are vulnerable to heat. (rF-)
You do not drink.


Message History

Aim: a scorpion (asleep, 0% to evade)
You feel a surge of power!
The searing ray hits the scorpion!
The scorpion is heavily wounded. (Press . to maintain the ray.)
You now have 12/14 mp.
The searing ray hits the scorpion.
The scorpion is severely wounded.
You now have 11/14 mp.
The searing ray hits the scorpion.
The scorpion is severely wounded.
The scorpion misses you.
You now have 10/14 mp.
The searing ray hits the scorpion!
You kill the scorpion!
The Council accepts your kill.
You finish channeling your searing ray.
Your Shields skill increases to level 3!
You now have 9/14 mp.
The centaur shouts!
The centaur shoots an arrow.
You block the arrow.
The centaur shoots an arrow.
The arrow hits you. The arrow burns you.
You see here 14 gold pieces.
You take 7 damage, and have 45/52 hp.
MP restored: 14 The centaur shoots an arrow.
The arrow hits you! The arrow burns you!
You take 19 damage, and have 26/52 hp.
MASSIVE DAMAGE!!
A wyvern zombie comes into view.
The centaur shoots an arrow.
The arrow hits you!
* * * LOW HITPOINT WARNING * * *
The arrow burns you!
* * * LOW HITPOINT WARNING * * *
You take 18 damage, and have 8/52 hp.
MASSIVE DAMAGE!!
You can't drink.
Unknown command.
As you read the scroll of fear, it crumbles to dust.
You assume a fearsome visage.
The wyvern zombie is unaffected.
The centaur looks frightened!
As you read the scroll of teleportation, it crumbles to dust.
You feel strangely unstable. The wyvern zombie bites you!
You die...

.........## ......#...
..........# ...........
..........#
...........#
......$...#
..........##
..........#...........#
#.#.#.#.#.#..........##
..........# ........##
#.#.#.#.#.## #.......##
......Z@...# ##........
.#.#.#.#.## ##........
..........# #.........
.#.#.#.#.## #.........
#......## ##.........
#####..# #..........
.###...#####..........
.........#............
..######..............


You could see a wyvern zombie.

Vanquished Creatures
  Edmund (D:5)
  Duvessa (D:5)
  A black bear (D:5)
  An ice beast (D:5)
  2 necrophages
  An ogre (D:4)
  A phantom (D:4)
  Blork the orc (D:6)
  3 scorpions
  Dowan (D:5)
  A bullfrog zombie (D:6)
  2 centaur skeletons (D:6)
  An orc priest (D:6)
  2 iguanas
  4 orc wizards
  A hound zombie (D:5)
  2 hound skeletons (D:4)
  A howler monkey skeleton (D:5)
  4 gnolls (D:5)
  4 adders
  A shadow imp (D:6)
  A white imp (D:5)
  An adder skeleton (D:4)
  A dart slug (D:3)
  7 orcs
  5 endoplasms
  3 giant cockroaches
  8 goblins
  8 hobgoblins
  4 jackals
  7 kobolds
  5 quokkas
  7 ball pythons
  5 bats
  2 frilled lizards
  9 rats
109 creatures vanquished.

Notes
Turn   | Place    | Note
-------+----------+-------------------------------------------
     0 | D:1      | jasper the Mummy Conjurer began the quest for the Orb.
     0 | D:1      | Reached XP level 1. HP: 13/13 MP: 4/4
   242 | D:1      | Found a faded altar of an unknown god.
   311 | D:1      | Became a worshipper of the Wu Jian Council
   311 | D:1      | Reached * piety under Wu Jian
   344 | D:1      | Reached XP level 2. HP: 19/19 MP: 2/5
   399 | D:1      | Learned a level 2 spell: Searing Ray
   671 | D:1      | Reached skill level 4 in Conjurations
  1036 | D:1      | Reached XP level 3. HP: 21/24 MP: 1/7
  1978 | D:2      | Reached ** piety under Wu Jian
  2299 | D:2      | Found a stormy altar of Qazlal.
  2820 | D:3      | Reached XP level 4. HP: 23/30 MP: 1/8
  2825 | D:3      | Learned a level 4 spell: Fulminant Prism
  3914 | D:4      | Found a shimmering altar of Xom.
  3965 | D:4      | Reached skill level 5 in Conjurations
  3966 | D:4      | Reached XP level 5. HP: 22/35 MP: 1/9
  4115 | D:4      | Noticed an ogre
  4129 | D:4      | Killed an ogre
  4222 | D:4      | Noticed a shadow
  4223 | D:4      | Found a shadowy altar of Dithmenos.
  4224 | D:4      | Found a hazy altar of Hepliaklqana.
  4495 | D:4      | Reached skill level 6 in Conjurations
  4737 | D:4      | Reached XP level 6. HP: 30/41 MP: 4/10
  5777 | D:5      | Entered Level 5 of the Dungeon
  5793 | D:5      | Reached skill level 7 in Conjurations
  5793 | D:5      | Reached XP level 7. HP: 40/46 MP: 2/11
  5888 | D:5      | Learned a level 4 spell: Iskenderun's Mystic Blast
  6605 | D:5      | Noticed Duvessa
  6605 | D:5      | Noticed Dowan
  6610 | D:5      | Killed Dowan
  6611 | D:5      | Reached skill level 8 in Conjurations
  6612 | D:5      | Killed Duvessa
  6613 | D:5      | Reached skill level 1 in Shields
  6865 | D:5      | Noticed Edmund
  7261 | D:5      | Killed Edmund
  7262 | D:5      | Reached skill level 1 in Hexes
  7262 | D:5      | Reached skill level 1 in Translocations
  7262 | D:5      | Reached XP level 8. HP: 40/52 MP: 6/13
  7387 | D:6      | Noticed Blork the orc
  7501 | D:6      | Killed Blork the orc
  7504 | D:6      | Reached *** piety under Wu Jian
  8087 | D:6      | Slain by a wyvern zombie

Illustrated notes

Levels and vault maps discovered:
D:1:      dpeg_arrival_solitude, layout_rooms, serial_corexii_hall,
          chequers_hall_statues_wall_a, chequers_hall_statues_wall_a,
          chequers_hall_statues_corner_a, chequers_hall_statues_y,
          chequers_ecumenical_altar_simple, nrook_campfire, minivault_14,
          chequers_jeans, chequers_decorated_corner, minmay_misc_feat_cross,
          minmay_tripent
D:2:      layout_loops_corners, basic_altar, minmay_misc_feat_secret_circle
D:3:      layout_basic
D:4:      layout_layer_cave, riverfiend_overflow_shadow_ancestor,
          lemuel_crystal_altar
D:5:      layout_loops_cross, uniq_duvessa, uniq_edmund
D:6:      layout_layer_cave, serial_shops, nicolae_shop_trees, st_stairs_12,
          uniq_blork_the_orc

Skill      XL: |  1  2  3  4  5  6  7  8 |
---------------+-------------------------+-----
Conjurations   | 4 5 6 7 8 |  8.0
Shields        | 1 3 |  3.1
Spellcasting   | 3 4 |  4.3
Hexes          | 1 2 |  2.2
Translocations | 1 2 |  2.1
Dodging        | |  1.5
Stealth        | |  1.5

Action                   |  1- 3 |  4- 6 |  7- 9 || total
-------------------------+-------+-------+-------++-------
Melee: Unarmed           |     3 |       |       ||     3
       Club              |     7 |       |       ||     7
       Dagger            |       |     6 |     5 ||    11
 Cast: Magic Dart        |    87 |    57 |    29 ||   173
       Searing Ray       |     4 |    14 |    22 ||    40
Evoke: Wand              |       |       |     3 ||     3
  Use: Scroll            |       |     9 |     3 ||    12
Armor: Robe              |     1 |     6 |     5 ||    12
Dodge: Dodged            |     8 |    12 |    18 ||    38
Block: Buckler           |     1 |     2 |     7 ||    10

Table legend: (Time is in decaauts)
 A = Elapsed time spent in this place.
 B = Non-inter-level travel time spent in this place.
 C = Inter-level travel time spent in this place.
 D = Time resting spent in this place.
 E = Time spent auto-exploring this place.
 F = Levels seen in this place.
 G = Mean time per level.
                   A        B        C        D        E       F      G
               +--------+--------+--------+--------+--------+-----+--------+
         Total |   8089 |   7858 |    231 |   1221 |   5971 |   6 | 1348.2 |
       Dungeon |   8089 |   7858 |    231 |   1221 |   5971 |   6 | 1348.2 |
               +--------+--------+--------+--------+--------+-----+--------+

Top non-repeatable levels by time:
     D:5: 1969 daAuts
     D:4: 1934 daAuts
     D:1: 1603 daAuts
     D:3: 1166 daAuts
     D:2: 1073 daAuts
     D:6: 343 daAuts
